[Event "*** SCC Grand Prix: Titled Tuesday Blitz"]
[Site "Chess.com"]
[Date "2020.07.07"]
[Round "5"]
[White "Thipsay"]
[Black "kakakz"]
[Result "1-0"]
[WhiteElo "2525"]
[BlackElo "2375"]
[TimeControl "180+1"]
[EndTime "10:55:59 PDT"]
[Termination "Thipsay won on time"]

1. e4 e6 2. d4 d5 3. e5 c5 4. c3 Nc6 5. Nf3 Qb6 6. a3 cxd4 7.
cxd4 Nge7 8. Nc3 Nf5 9. Na4 Qa5+ 10. b4 Qd8 11. Bb2 Be7 12. Bd3 O-O 13. O-O b6 14.
Nc3 Ncxd4 15. Nxd4 Nxd4 16. Bxh7+ Kxh7 17. Qxd4 Bd7 18.
Rfc1 Rc8 19. Ne2 Bb5 20. Ng3 g6 21. Rxc8 Qxc8 22. Rc1 Qd7 23. h4 Rc8 24. h5 Rxc1+ 25.
Bxc1 Qc7 26. hxg6+ fxg6 27. Qe3 Be8 28. Qh6+ Kg8 29.
Bf4 Qc2 30. Qh3 Bf7 31. Qg4 d4 32. Bg5 Bxg5 33. Qxg5 d3 34. Ne4 1-0

[Event "*** SCC Grand Prix: Titled Tuesday Blitz"]
[Site "Chess.com"]
[Date "2020.07.07"]
[Round "5"]
[White "KNCP_719"]
[Black "fridaywins"]
[Result "1-0"]
[WhiteElo "2477"]
[BlackElo "2292"]
[TimeControl "180+1"]
[EndTime "10:55:59 PDT"]
[Termination "KNCP_719 won by resignation"]

1. d4 Nf6 2. Nf3 g6 3. e3 Bg7 4. Be2 O-O 5. O-O d6 6. b3 b6 7.
Bb2 Bb7 8. Nbd2 Nbd7 9. c4 Ne4 10.
Qc1 Ndf6 11. d5 c5 12. Nxe4 Nxe4 13. Bxg7 Kxg7 14. Bd3 Nf6 15. e4 e5 16. dxe6 fxe6 17.
e5 Nh5 18. Ng5 Nf4 19. Qxf4 Rxf4 20. Nxe6+ Kf7 21. Nxd8+ Rxd8 22. Rad1 Rd4 23. exd6 R8xd6 24. Bc2 Rd2 25. f3 R6d4 26. Rxd2 Rxd2 27. Rf2 Rd6 28. Re2 a5 29. Kf2 a4 30. bxa4 Rd4 31. Ke3 Ba6 32. Rd2 Rxd2 33. Kxd2 Bxc4 34. Bb3 Be6 35. Kc3 Ke7 36. Bxe6 Kxe6 37. Kc4 Kd6 38. f4 h5 39. g3 Ke6 40. h3 Kd6 41. g4 hxg4 42. hxg4 Ke6 43. a5 bxa5 44. Kxc5 a4 45. a3 Kd7 46.
Kb5 Kd6 47. Kxa4 Kd5 48. Kb5 Ke4 49. a4 Kxf4 50. a5 Kxg4 51. a6 g5 52. a7 Kg3 53.
a8=Q g4 54. Qh1 Kf2 55. Qh2+ Kf3 56. Qg1 1-0

[Event "*** SCC Grand Prix: Titled Tuesday Blitz"]
[Site "Chess.com"]
[Date "2020.07.07"]
[Round "5"]
[White "Oligan22"]
[Black "Maaikee"]
[Result "1-0"]
[WhiteElo "2474"]
[BlackElo "2290"]
[TimeControl "180+1"]
[EndTime "10:55:59 PDT"]
[Termination "Oligan22 won by resignation"]

1. e4 e6 2. d4 d5 3. Nd2 c5 4.
exd5 Qxd5 5. Ngf3 cxd4 6. Bc4 Qd7 7. Nb3 Nc6 8. Nfxd4 Nxd4 9. Nxd4 a6 10. Be3 Nf6 11. Qe2 b5 12. Nxb5 Bb7 13. Nd4 Bd6 14. f3 O-O 15.
O-O-O Rfc8 16. Bb3 Nd5 17. Kb1 a5 18. a4 Ba6 19. Nb5 Nxe3 20. Qxe3 Bxb5 21. axb5 a4 22. Ba2 Qc7 23. Qe4 a3 24. Qc6 Qxc6 25. bxc6 Rxc6 26. bxa3 Rb8+ 27. Bb3 Bxa3 28. Rd7 Bb4 29. Rhd1 g6 30. Rd8+ Rxd8 31. Rxd8+ Kg7 32. c4 Bc3 33. Kc2 Bf6 34. Ra8 Rc5 35. Kd3 g5 36. Ra7 Kg6 37. Rb7 h5 38. h3 Be5 39. g4 hxg4 40. hxg4 Kf6 41. Ra7 Rc8 42. Ra5 Ke7 43. Rxe5 1-0

[Event "*** SCC Grand Prix: Titled Tuesday Blitz"]
[Site "Chess.com"]
[Date "2020.07.07"]
[Round "5"]
[White "CyberdelChess"]
[Black "Stronger1799"]
[Result "1-0"]
[WhiteElo "2276"]
[BlackElo "2483"]
[TimeControl "180+1"]
[EndTime "10:55:59 PDT"]
[Termination "CyberdelChess won by resignation"]

1. e4 c5 2. Nf3 e6 3. d4 cxd4 4. Nxd4 Nf6 5. Bd3 Nc6 6. Nxc6 bxc6 7. O-O d5 8. Nd2 Bd6 9. f4 dxe4 10. Nxe4 Nxe4 11.
Bxe4 O-O 12. Be3 Qc7 13. Qh5 f5 14. Bd3 Bb7 15. Bc4 Rae8 16. Kh1 c5 17. Rae1 Qc6 18. Rf2 Rf6 19. Qe2 Rg6 20. Bb5 Qc8 21. Bxe8 Qxe8 22. Bd2 Be4 23. Bc3 Qc6 24. Rd1 Bxf4 25. Rd8+ Kf7 26. Bd2 Bc7 27. Rh8 Rh6 28. Bxh6 gxh6 29. Rxh7+ Kg6 30. Rh8 Be5 31. Rg8+ Kf7 32. Rd8 Bc7 33.
Rc8 Qd6 34. Rxc7+ Qxc7 35. Qxe4 Qa5 36. Qe2 Qxa2 37. h3 Qxb2 38. Kh2 Qc1 39. Qf3 a5 40. Re2 Qb2 41. Qe3 Qb6 42. Qxh6 Qd6+ 43. Kg1 Qd4+ 44. Qe3 Qa1+ 45. Kh2 Qf6 46. Qe5 Qh6 47. Qxc5 Qf4+ 48.
Kg1 Qc1+ 49. Kh2 Qf4+ 50. g3 Qf3 51. Qe5 Qc6 52. Qxa5 f4 53. Qe5 fxg3+ 54. Qxg3 Ke7 55. Qe5 Qc4 56. Qxe6+ 1-0

[Event "*** SCC Grand Prix: Titled Tuesday Blitz"]
[Site "Chess.com"]
[Date "2020.07.07"]
[Round "5"]
[White "dosto07"]
[Black "Love_craft"]
[Result "0-1"]
[WhiteElo "2201"]
[BlackElo "2423"]
[TimeControl "180+1"]
[EndTime "10:55:59 PDT"]
[Termination "Love_craft won on time"]

1. e4 g6 2. d4 Bg7 3. Nc3 d6 4.
Nf3 Nf6 5. Be2 O-O 6. O-O Nbd7 7. Re1 e5 8. Bc4 c6 9. a4 Nh5 10. Bg5 Bf6 11. Bh6 Bg7 12. Bxg7 Kxg7 13. dxe5 dxe5 14. Qd6 Qf6 15. Rad1 Nf4 16. Bf1 Nh3+ 17. gxh3 Qxf3 18. Re3 Qh5 19. Be2 Qg5+ 20. Rg3 Qf6 21. Bg4 Qxd6 22. Rxd6 Nc5 23. b4 Ne6 24. Bxe6 Bxe6 25.
Rgd3 Kf6 26. Kg2 Ke7 27. Kg3 Rad8 28. Rxd8 Rxd8 29. f4 f6 30. h4 Rxd3+ 31. cxd3 b6 32. a5 bxa5 33. bxa5 Kd6 34. h5 gxh5 35. fxe5+ Kxe5 36. Ne2 f5 37. Kf3 fxe4+ 38. dxe4 Bg4+ 39. Ke3 Bxe2 40.
Kxe2 Kxe4 0-1

[Event "*** SCC Grand Prix: Titled Tuesday Blitz"]
[Site "Chess.com"]
[Date "2020.07.07"]
[Round "5"]
[White "MestreSoares"]
[Black "ArnieChipmunk"]
[Result "1/2-1/2"]
[WhiteElo "2121"]
[BlackElo "2310"]
[TimeControl "180+1"]
[EndTime "10:55:59 PDT"]
[Termination "Game drawn by repetition"]

1. Nf3 Nf6 2. b3 g6 3. Bb2 Bg7 4. e3 O-O 5. Be2 d5 6. O-O c5 7.
c4 dxc4 8. Bxc4 Nc6 9. d4 cxd4 10. Nxd4 Ne5 11. Be2 Bg4 12. Nc3 Bxe2 13. Qxe2 Rc8 14. Rfd1 Qa5 15. Qb5 Qxb5 16. Ncxb5 a6 17. Na3 Ne4 18.
f3 Nc3 19. Bxc3 Rxc3 20. Rac1 Rxe3 21. Nc4 Nxc4 22. Rxc4 Rd8 23. Kf2 Bxd4 24. Rdxd4 Rxd4 25. Rxd4 Re6 26. Rd7 b5 27. Ra7 Kg7 28. a4 bxa4 29.
bxa4 h5 30. h4 Kf6 31. Kg3 Rc6 32. a5 e5 33. Rb7 Ke6 34. Kf2 f5 35. g3 Kd5 36.
Ke3 Rc3+ 37. Kf2 Ra3 38. Rb6 Ra2+ 39. Ke3 Ra3+ 40. Kf2 Rxa5 41. Rxg6 e4 42. fxe4+ Kxe4 43. Re6+ Kd5 44. Rh6 Ra2+ 45. Kf3 Ke5 46. Rxh5 Ra3+ 47. Kg2 Ke4 48. Rh8 a5 49. Re8+ Kd5 50. Rf8 Ke5 51. Re8+ Kf6 52. Rf8+ Kg6 53. Rg8+ Kf6 54. Rf8+ Kg6 55.
Rg8+ Kf6 56. Rf8+ 1/2-1/2

[Event "*** SCC Grand Prix: Titled Tuesday Blitz"]
[Site "Chess.com"]
[Date "2020.07.07"]
[Round "5"]
[White "FearNoEvil12"]
[Black "UKR_Master"]
[Result "0-1"]
[WhiteElo "2046"]
[BlackElo "2294"]
[TimeControl "180+1"]
[EndTime "10:55:59 PDT"]
[Termination "UKR_Master won by resignation"]

1. e4 c5 2. Nc3 Nc6 3. f4 g6 4.
Nf3 Bg7 5. Bc4 e6 6. f5 Nge7 7. fxg6 fxg6 8. d3 O-O 9. O-O a6 10. a4 d5 11. Bb3 Qb6 12. Kh1 Na5 13. Ba2 c4 14. Bg5 Nac6 15. exd5 exd5 16. dxc4 Qxb2 17. Nxd5 Nxd5 18. cxd5 Nb4 19. Bb3 Qxa1 20. Qxa1 Bxa1 21. Rxa1 Bf5 22. Be7 Bxc2 23. Bxc2 Nxc2 24. Rc1 Ne3 25. d6 Rfd8 26. Nd4 Rd7 27. Kg1 Re8 28. Rc7 Rxc7 29. dxc7 Rc8 30. Bd8 Nd5 31. Ne6 Kf7 32. Ng5+ Ke8 33.
Ne6 Kd7 34. Nf8+ Kc6 35. Ne6 Nxc7 36. Nd4+ Kd7 37. Bf6 Nd5 38. Be5 Rc4 39. Nf3 Rxa4 40. h4 b5 41. Kh2 Re4 42. Bg7 b4 43. g3 a5 44. Ng5 Re7 45. Bd4 a4 46. Bc5 b3 47.
Bxe7 Nxe7 48. Ne4 a3 49. Nd2 b2 0-1

[Event "*** SCC Grand Prix: Titled Tuesday Blitz"]
[Site "Chess.com"]
[Date "2020.07.07"]
[Round "5"]
[White "Roman_Ovetchkin"]
[Black "TheBigBoss04"]
[Result "0-1"]
[WhiteElo "2576"]
[BlackElo "2752"]
[TimeControl "180+1"]
[EndTime "10:56:00 PDT"]
[Termination "TheBigBoss04 won on time"]

1. d4 Nf6 2. c4 e6 3. Nf3 d5 4. g3 dxc4 5. Bg2 a6 6. O-O Nc6 7. Bg5 Rb8 8. e3 Be7 9. Nfd2 e5 10. Bxf6 Bxf6 11. d5 Ne7 12. Nxc4 O-O 13. Nc3 Nf5 14. Ne4 Bd7 15. Rc1 Bb5 16. b3 Nd6 17. a4 Be8 18. Qc2 Nxe4 19. Bxe4 g6 20. Rfd1 Bd7 21. Na5 Bg4 22. f3 Bg5 23. Kf2 Qf6 24. Qxc7 Bxf3 25. Bxf3 e4 26. Nc4 Qxf3+ 27. Kg1 b5 28. Rf1 Qe2 29. Rf2 Qd3 30. Ne5 Qxe3 31. Rf1 Rbc8 32. Qd7 Rcd8 33. Qc6 Qd4 34. Nd7 e3 35. Re2 Qd3 36. Rfe1 Kh8 0-1

[Event "*** SCC Grand Prix: Titled Tuesday Blitz"]
[Site "Chess.com"]
[Date "2020.07.07"]
[Round "5"]
[White "krzyzan94"]
[Black "pastouche06"]
[Result "0-1"]
[WhiteElo "2660"]
[BlackElo "2498"]
[TimeControl "180+1"]
[EndTime "10:56:00 PDT"]
[Termination "pastouche06 won on time"]

1. c4 e6 2. Nc3 d5 3. cxd5 exd5 4. d4 c6 5. g3 Bd6 6. Bg2 Nf6 7. Nf3 O-O 8. O-O Re8 9. Bf4 Bf5 10. Bxd6 Qxd6 11.
Ne5 Nfd7 12. f4 Na6 13. g4 Be6 14. f5 Nxe5 15. dxe5 Qc5+ 16. Kh1 Bd7 17. f6 Rxe5 18. fxg7 Bxg4 19. Qe1 Rae8 20. Qg3 Bh5 21. Rf4 Qe3 22.
Qh4 Bg6 23. Raf1 Nc5 24. R4f3 Qg5 25. Qb4 b6 26. Rg3 Qh6 27. h4 Ne4 28. Nxe4 Bxe4 29. Rg4 c5 30. Qb5 f5 31. Rgf4 Bxg2+ 32. Kxg2 Rxe2+ 33. Kh1 Qg6 34. Rg1 Re1 35. Qxe8+ Qxe8 36. Rxf5 Rxg1+ 37.
Kxg1 Kxg7 38. Rxd5 Qe1+ 39. Kg2 Qe4+ 40. Kg3 Qxd5 0-1

[Event "*** SCC Grand Prix: Titled Tuesday Blitz"]
[Site "Chess.com"]
[Date "2020.07.07"]
[Round "5"]
[White "GM4life"]
[Black "stoleriu"]
[Result "0-1"]
[WhiteElo "2359"]
[BlackElo "2592"]
[TimeControl "180+1"]
[EndTime "10:56:00 PDT"]
[Termination "stoleriu won by checkmate"]

1. e4 e6 2. d4 d5 3. Nc3 Bb4 4. e5 c5 5. a3 Bxc3+ 6. bxc3 Qc7 7. Qg4 f6 8. f4 cxd4 9. Ne2 dxc3 10. Qg3 Nc6 11.
Nxc3 fxe5 12. Nb5 Qe7 13. fxe5 Nh6 14. Bg5 Nf5 15. Qf4 Qc5 16. Nc7+ Kd7 17. Nxa8 Qc3+ 18.
Kf2 Qxa1 19. Bd3 Qxe5 20. g4 Qxf4+ 21. Bxf4 Nfd4 22. Nc7 e5 23. Nxd5 exf4 24. Nxf4 Rf8 25. Ke3 g6 26. Rd1 Kc7 27. Bc4 Nxc2+ 28. Ke4 Re8+ 29.
Kf3 Ne5+ 30. Kg3 Nxc4 31. Nd5+ Kc6 32. Rd3 a5 33. Kh4 N2e3 34. Nf6 Re7 35. Kg5 b5 36. h4 b4 37. axb4 axb4 38. Kh6 Nxg4+ 39. Nxg4 Bxg4 40. Rd4 Be6 41. Re4 b3 42. Re1 b2 43. Rb1 Bf5 44.
Rxb2 Nxb2 45. Kg5 Nd3 46. Kh6 Ne1 47. h5 gxh5 48. Kxh5 Bg4+ 49. Kh6 Bh5 50. Kg5 Rg7+ 51.
Kh6 Rg6+ 52. Kxh5 Kd5 53. Kh4 Ke4 54. Kh3 Kf4 55. Kh2 Kf3 56. Kh1 Kf2 57. Kh2 Rh6# 0-1

[Event "*** SCC Grand Prix: Titled Tuesday Blitz"]
[Site "Chess.com"]
[Date "2020.07.07"]
[Round "5"]
[White "SilviusTiberius"]
[Black "Alopekos"]
[Result "0-1"]
[WhiteElo "2490"]
[BlackElo "2370"]
[TimeControl "180+1"]
[EndTime "10:56:00 PDT"]
[Termination "Alopekos won by resignation"]

1. e4 c5 2. Nf3 e6 3. d4 cxd4 4. Nxd4 Nc6 5. Nc3 Qc7 6. Be2 a6 7. O-O Nf6 8. Be3 Bb4 9. Na4 O-O 10. c4 Bd6 11. g3 Nxe4 12. Rc1 Be5 13. Bf3 f5 14. c5 Ne7 15. Nb6 Rb8 16. Nc4 Nd5 17.
Bxe4 fxe4 18. Qh5 Bf6 19. Nd6 b6 20. Nxe4 bxc5 21. Rxc5 Qe5 22. Nxf6+ Qxf6 23. Qe2 Bb7 24. Rfc1 Qg6 25. Bd2 Qf7 26. h4 Ba8 27. b3 Qf6 28. Bc3 Qg6 29. Nf3 Nf4 30. Qe5 Nh3+ 31. Kh2 Nxf2 32.
Ng5 Ng4+ 33. Kh3 Nxe5 34. Bxe5 Qf5+ 35. g4 Qd3+ 36. Bg3 Rf3 37. R5c3 Qxc3 38. Kh2 Rxg3 39. Rxc3 Rxc3 40. Ne4 Rc2+ 0-1

[Event "*** SCC Grand Prix: Titled Tuesday Blitz"]
[Site "Chess.com"]
[Date "2020.07.07"]
[Round "5"]
[White "GustavoJuarezF"]
[Black "Sofiia_Hryzlova"]
[Result "1-0"]
[WhiteElo "2001"]
[BlackElo "2116"]
[TimeControl "180+1"]
[EndTime "10:56:01 PDT"]
[Termination "GustavoJuarezF won on time"]

1. e4 c5 2. Nf3 Nc6 3. Bb5 e6 4.
Bxc6 bxc6 5. O-O Ne7 6. d3 Ng6 7. Be3 d5 8. c4 Bd6 9. Na3 O-O 10. Nc2 f5 11. exf5 exf5 12. b4 cxb4 13. c5 f4 14.
Bd4 Bc7 15. Nxb4 Bd7 16. Na6 Ba5 17. Rb1 Bc8 18. Nb4 Bxb4 19. Rxb4 Bg4 20. h3 Bf5 21.
Ne5 Qc7 22. Re1 Rae8 23. Nxg6 Bxg6 24. Rxe8 Bxe8 25. Qg4 Bg6 26. Qe6+ Kh8 27. Qd6 Qxd6 28. cxd6 Rd8 29. Bxa7 Bxd3 30. Bc5 g5 31. Rb6 Bc4 32. a4 Ra8 33. Rb4 Rd8 34. a5 Kg7 35. Rb7+ Kf6 36.
Rc7 Ra8 37. Bb6 Ke6 38. d7 Rd8 39. Rxc6+ Kxd7 40. Rh6 1-0

[Event "*** SCC Grand Prix: Titled Tuesday Blitz"]
[Site "Chess.com"]
[Date "2020.07.07"]
[Round "5"]
[White "Sanan_Sjugirov"]
[Black "OparinGrigoriy"]
[Result "1/2-1/2"]
[WhiteElo "2824"]
[BlackElo "2945"]
[TimeControl "180+1"]
[EndTime "10:56:02 PDT"]
[Termination "Game drawn by agreement"]

1. d4 Nf6 2. c4 e6 3. Nf3 d5 4. g3 dxc4 5. Bg2 a6 6. O-O Nc6 7. Be3 Nd5 8. Qc1 Be7 9. Qxc4 Nxe3 10. fxe3 O-O 11. Nc3 Rb8 12. Ne4 Qd5 13. Ned2 Bd7 14. Rac1 Qxc4 15. Nxc4 Rfc8 16. a3 Be8 17.
Kf2 Na7 18. Rfd1 c5 19. Nfe5 cxd4 20. exd4 Nb5 21. e3 Nd6 22. Nxd6 Bxd6 23. Nc4 Bc7 24. Nd2 Kf8 25. Ne4 b6 26. Rc3 Bd7 27. Rdc1 Bd8 28.
Nd6 Rxc3 29. Rxc3 Ke7 30. Nb7 Rc8 31. Nxd8 Kxd8 32. Rxc8+ Kxc8 33. e4 Kc7 34. Ke3 f6 35. e5 a5 36. Be4 h6 37. h4 Bb5 38. Bg6 Kd7 39. Be4 Ke7 40. Bf3 Bc4 41. b4 axb4 42.
axb4 Bb5 43. Be4 Bc4 1/2-1/2

[Event "*** SCC Grand Prix: Titled Tuesday Blitz"]
[Site "Chess.com"]
[Date "2020.07.07"]
[Round "5"]
[White "SCIM"]
[Black "WashUntilHoles"]
[Result "0-1"]
[WhiteElo "2553"]
[BlackElo "2737"]
[TimeControl "180+1"]
[EndTime "10:56:02 PDT"]
[Termination "WashUntilHoles won on time"]

1. d4 Nf6 2. c4 g6 3. Nc3 Bg7 4. e4 d6 5. f3 O-O 6. Bg5 c5 7. d5 e6 8. Qd2 h6 9. Be3 exd5 10. cxd5 Re8 11. Nge2 Nbd7 12. Nd1 b5 13. Nf2 Kh7 14.
Nf4 Rb8 15. Be2 Ne5 16. b3 Bd7 17.
Rc1 a5 18. O-O b4 19. N4d3 Bb5 20. Nxe5 Rxe5 21. Bxb5 Rxb5 22. Kh1 Rb7 23. Rce1 Re8 24. Nd3 Rbe7 25. Nb2 Nd7 26. Nc4 Bc3 27. Qc1 Bxe1 28. Rxe1 Ne5 29. Nxe5 Rxe5 30. Bxh6 g5 31. f4 Rxe4 32.
Rxe4 Rxe4 33. Bxg5 Qe8 34. Qc2 f5 35. h3 Qh5 36.
Kh2 Qe2 37. Qc1 Qf2 38. Qb1 Kg6 39. Qc1 Re1 0-1

[Event "*** SCC Grand Prix: Titled Tuesday Blitz"]
[Site "Chess.com"]
[Date "2020.07.07"]
[Round "5"]
[White "MashaFromRussia"]
[Black "Fins0905"]
[Result "0-1"]
[WhiteElo "2432"]
[BlackElo "2623"]
[TimeControl "180+1"]
[EndTime "10:56:02 PDT"]
[Termination "Fins0905 won by checkmate"]

1. d4 d5 2. c4 c6 3. Nf3 Nf6 4. Nc3 e6 5. g3 Nbd7 6. Bg2 dxc4 7. a4 a5 8. O-O Bb4 9. Nd2 Nb6 10. e3 O-O 11.
Qe2 e5 12. dxe5 Ng4 13. Nxc4 Nxc4 14. Qxc4 Nxe5 15. Qe4 Re8 16. Rd1 Qc7 17. Qc2 Bg4 18. Rd4 Nf3+ 19. Bxf3 Bxf3 20. Rf4 Bh5 21. Nd5 Qd6 22.
Nxb4 axb4 23. Bd2 c5 24. Rc1 b6 25. e4 Rad8 26. Be3 Qe6 27. a5 bxa5 28. Qxc5 Bg6 29. Qxa5 Bxe4 30. Qxb4 Ba8 31. Qc5 Rd5 32. Qc7 Rd7 33.
Qc5 Red8 34. Bd4 h6 35. h4 Rd5 36. Qa7 R5d7 37. Rc7 Qd5 38. Rxd7 Qg2# 0-1

[Event "*** SCC Grand Prix: Titled Tuesday Blitz"]
[Site "Chess.com"]
[Date "2020.07.07"]
[Round "5"]
[White "zajka-molotok"]
[Black "Andrei_Belozerov"]
[Result "0-1"]
[WhiteElo "2416"]
[BlackElo "2578"]
[TimeControl "180+1"]
[EndTime "10:56:02 PDT"]
[Termination "Andrei_Belozerov won by resignation"]

1. c4 e5 2. g3 c6 3. Bg2 d5 4.
cxd5 cxd5 5. d4 e4 6. Nc3 Nf6 7.
Nh3 h6 8. O-O Be7 9. Nf4 g5 10.
Nh3 Nc6 11. f3 exf3 12. exf3 O-O 13. f4 g4 14. Nf2 Bf5 15. Be3 Re8 16. Nd3 Nb4 17.
Nxb4 Bxb4 18. Bf2 Bxc3 19. bxc3 Be4 20. Qd2 Bxg2 21. Kxg2 Ne4 22. Qd3 Rc8 23. Rac1 Rc4 24. Rfe1 Qd7 25. Be3 Rec8 26. Bd2 Qf5 27. Re3 Kg7 28.
Be1 Kg6 29. Rb1 b6 30. Rb3 h5 31. Qe2 f6 32. Qd3 Nd6 33. Qe2 Ne4 34. Qd3 Re8 35. Rb2 Nd6 36. Qe2 Rxe3 37. Qxe3 Qe4+ 38. Kf2 Kf5 39.
Qd2 Rc8 40. Kg1 Re8 41. Bf2 Nc4 42. Qc1 Qd3 43. Rb1 Re2 44. Qd1 Qf3 45. Qf1 Nd2 46. Qg2 Qxg2+ 47. Kxg2 Ne4 48. Rf1 Rxa2 49. Kg1 Nxc3 50.
Be3 Ke4 51. Bc1 Ne2+ 52. Kh1 Ra1 0-1

[Event "*** SCC Grand Prix: Titled Tuesday Blitz"]
[Site "Chess.com"]
[Date "2020.07.07"]
[Round "5"]
[White "SergeyKarjakin"]
[Black "Dr-Bassem"]
[Result "1-0"]
[WhiteElo "2973"]
[BlackElo "2817"]
[TimeControl "180+1"]
[EndTime "10:56:03 PDT"]
[Termination "SergeyKarjakin won on time"]

1. e4 e5 2. Nf3 Nc6 3. Bc4 Nf6 4. d3 h6 5. O-O d6 6. d4 Bg4 7. dxe5 dxe5 8. Qxd8+ Rxd8 9. Bb5 Bxf3 10. gxf3 Rd6 11. c3 a6 12. Ba4 Nh5 13. Be3 Be7 14. Nd2 b5 15. Bc2 O-O 16. Rfd1 Bg5 17. Nb3 Rg6 18. Kf1 Bf4 19. Rd7 Nd8 20. Ke2 Ne6 21. Rh1 Bxe3 22.
fxe3 Rg2+ 23. Kd1 c5 24. Rd2 Rxd2+ 25. Nxd2 Rd8 26. Ke2 c4 27. a4 Nc5 28. axb5 axb5 29.
Ra1 Nf6 30. Ra5 Rb8 31. Nxc4 bxc4 32. Rxc5 Rxb2 33. Kd2 Ra2 34. Rxe5 Ra1 35. Rc5 g5 36. e5 Nd7 37. Rc8+ Kg7 38. e6 Nf6 39. e7 Rh1 40. Bf5 Rxh2+ 41. Ke1 Rh1+ 42. Kf2 Rc1 43. e4 1-0

[Event "*** SCC Grand Prix: Titled Tuesday Blitz"]
[Site "Chess.com"]
[Date "2020.07.07"]
[Round "5"]
[White "Matols"]
[Black "PenguinPacks"]
[Result "1-0"]
[WhiteElo "2185"]
[BlackElo "2347"]
[TimeControl "180+1"]
[EndTime "10:56:03 PDT"]
[Termination "Matols won by resignation"]

1. d4 Nf6 2. c4 e6 3. g3 c5 4. d5 exd5 5. cxd5 d6 6. Nc3 g6 7. Bg2 Bg7 8. Nf3 O-O 9. O-O Re8 10.
Nd2 a6 11. a4 b6 12. h3 Nfd7 13.
Re1 f5 14. e4 Nf6 15. Nc4 Ra7 16. Bf4 Rd7 17. e5 dxe5 18. Nxe5 Rde7 19. d6 Re6 20. Bd5 Nxd5 21. Qxd5 Qxd6 22. Qxd6 Rxd6 23. Nc4 Rxe1+ 24. Rxe1 Re6 25. Rd1 Nd7 26. Nd6 Bd4 27. Nxc8 Nf6 28. Nd6 g5 29. Nxf5 Bxc3 30. bxc3 gxf4 31. g4 Ne4 32. c4 Kf7 33. Rd7+ Kf6 34. Rxh7 Ke5 35.
Kg2 f3+ 36. Kg1 Kf4 37. Rf7 Ng5 38. Rf8 Nxh3+ 39. Kh2 Kxg4 40. Ne3+ Rxe3 41. fxe3 Ng5 42. Kg1 Ne4 43. Kf1 Kg3 44. Rf4 Nd2+ 45. Kg1 Ne4 46. Rxe4 f2+ 47. Kf1 Kf3 1-0

[Event "*** SCC Grand Prix: Titled Tuesday Blitz"]
[Site "Chess.com"]
[Date "2020.07.07"]
[Round "5"]
[White "Danfii"]
[Black "tylityli"]
[Result "0-1"]
[WhiteElo "2341"]
[BlackElo "2182"]
[TimeControl "180+1"]
[EndTime "10:56:03 PDT"]
[Termination "tylityli won on time"]

1. e4 e5 2. Nf3 Nc6 3. Bc4 Nf6 4. d3 Be7 5. O-O O-O 6. Re1 d6 7. a4 Be6 8. Nbd2 Bxc4 9. Nxc4 h6 10. h3 a6 11. c3 b5 12. Ne3 Qd7 13. Nd5 Rfb8 14.
Nxe7+ Nxe7 15. d4 Qe6 16. Qc2 Ng6 17. d5 Qd7 18. Be3 bxa4 19. Re2 Rb3 20. Nd2 Rb5 21.
Nc4 Rb3 22. f3 Rab8 23. Na5 R3b5 24. Nc6 Ra8 25. Rxa4 Ne7 26. Rc4 Nh5 27. Kh2 g5 28. Qa4 Nf4 29. b4 Nxe2 30. g3 Ng6 31. Qc2 Nef4 32. gxf4 gxf4 33. Bf2 Ne7 34. Qa4 Kh7 35. Nxe7 Qxe7 36. Rc6 Rg8 37. h4 Qf6 38. Qa2 Qg6 39.
Ba7 Rb7 40. Rxa6 Qg3+ 41. Kh1 Qxf3+ 42. Kh2 Qg3+ 43. Kh1 Qxh4+ 44. Qh2 Qe1+ 45. Bg1 Qxe4+ 0-1

[Event "*** SCC Grand Prix: Titled Tuesday Blitz"]
[Site "Chess.com"]
[Date "2020.07.07"]
[Round "5"]
[White "Fandorine"]
[Black "DarkAlekhine"]
[Result "1-0"]
[WhiteElo "2877"]
[BlackElo "2628"]
[TimeControl "180+1"]
[EndTime "10:56:04 PDT"]
[Termination "Fandorine won by checkmate"]

1. e4 e6 2. d4 d5 3. Nc3 Bb4 4. e5 c5 5. a3 Ba5 6. b4 cxd4 7. Nb5 Bc7 8. f4 Ne7 9. Nf3 Bd7 10. Nxc7+ Qxc7 11. Bd3 Ba4 12. O-O a6 13. Kh1 Nbc6 14. Bb2 Bb5 15. Nxd4 Nxd4 16. Bxd4 Bxd3 17. cxd3 O-O 18.
Bc5 b6 19. Bf2 Rfc8 20. Rc1 Qb7 21. Qf3 Rxc1 22. Rxc1 Rc8 23. Rxc8+ Qxc8 24. Qd1 Qc6 25. Kg1 g6 26. g4 Qc3 27. Bxb6 Qxa3 28. Bc5 Nc6 29.
f5 Qb2 30. fxe6 Qxe5 31. exf7+ Kxf7 32. Qf3+ Ke6 33. h3 Qf6 34. Qe2+ Qe5 35. Qf2 Qf6 36. Qa2 Qf3 37. Qxa6 Qg3+ 38. Kf1 Qxh3+ 39. Ke1 Qg2 40.
Qxc6+ Ke5 41. Qd6# 1-0

[Event "*** SCC Grand Prix: Titled Tuesday Blitz"]
[Site "Chess.com"]
[Date "2020.07.07"]
[Round "5"]
[White "ZiggyStardust64"]
[Black "jonaszmb"]
[Result "1-0"]
[WhiteElo "2679"]
[BlackElo "2474"]
[TimeControl "180+1"]
[EndTime "10:56:04 PDT"]
[Termination "ZiggyStardust64 won by resignation"]

1. e4 c5 2. Nf3 Nc6 3. d4 cxd4 4. Nxd4 e5 5. Nb5 a6 6. Nd6+ Bxd6 7. Qxd6 Qf6 8. Qc7 Qe7 9. Nc3 Nb4 10. Bd3 d5 11.
Qxe7+ Nxe7 12. O-O d4 13. Ne2 Nxd3 14. cxd3 Bd7 15.
f4 f6 16. Bd2 Bb5 17. Nc1 Rc8 18. a4 Bd7 19. Bb4 Rc2 20. Rf2 Rxf2 21. Kxf2 Kf7 22. Ne2 Rc8 23. b3 Be6 24. fxe5 fxe5 25. Rc1 Nc6 26. Bd6 Rd8 27. Bc7 Rd7 28. Bb6 Bxb3 29. Ra1 Nb4 30. Nc1 Bc2 31. Ke2 Ke6 32. Bc5 a5 33.
Kd2 Rc7 34. Bb6 Rf7 35. Ke2 g5 36. Bxa5 Nc6 37. Bd2 g4 38. Ra2 Nb4 39. Bxb4 Bb1 40. Rb2 g3 41. hxg3 Rg7 42. Rxb1 Rxg3 43. Kf2 Re3 44. Bd2 1-0

[Event "*** SCC Grand Prix: Titled Tuesday Blitz"]
[Site "Chess.com"]
[Date "2020.07.07"]
[Round "5"]
[White "tk22h"]
[Black "Siniauski"]
[Result "1/2-1/2"]
[WhiteElo "2289"]
[BlackElo "2460"]
[TimeControl "180+1"]
[EndTime "10:56:04 PDT"]
[Termination "Game drawn - insufficient material"]

1. c4 Nf6 2. Nc3 e5 3. Nf3 Nc6 4. g3 d5 5. cxd5 Nxd5 6. Bg2 Nb6 7. O-O Be7 8. b3 O-O 9. Bb2 Be6 10. Rc1 f5 11. d3 Bf6 12. e4 Nb4 13. exf5 Bxf5 14. Ne4 Nxd3 15. Nxf6+ Qxf6 16. Ba3 Rf7 17. Rc3 e4 18.
Nh4 Qxc3 19. Nxf5 Rxf5 20. Bxe4 Re5 21. Qxd3 Qxd3 22. Bxd3 Rd8 23. Bb1 Re2 24. Bc1 Nd5 25.
Kg2 Nc3 26. Bf5 Nxa2 27. Be3 Rf8 28. Be6+ Kh8 29. Bc4 Rb2 30. Rd1 Nc3 31. Rd7 Ne4 32. Bd4 Rfxf2+ 33. Bxf2 Rxf2+ 34. Kg1 Rf8 35. Rxc7 Rb8 36.
Bd5 Nd6 37. Rd7 Nb5 38. Bxb7 h6 39. Bd5 Nc3 40. Bc4 a5 41. Ra7 a4 42. bxa4 Rb1+ 43.
Kg2 Rb2+ 44. Kf3 Nb1 45. Ra8+ Kh7 46. Bd3+ g6 47. Ra7+ Kg8 48. Bxg6 Rb3+ 49. Kf4 Rb4+ 50. Ke5 Nc3 51. Bf5 Kf8 52. Kf6 Nd5+ 53. Ke5 Nc3 54. Be6 Rxa4 55. Rxa4 Nxa4 56. Kf6 Nc5 57. Bf5 Kg8 58.
Kg6 Nb7 59. Kxh6 Nd6 60. Be6+ Kh8 61. Kg5 Kg7 62. h4 Ne4+ 63. Kf4 Nxg3 64. Kxg3 Kh8 65. h5 Kg7 66. h6+ Kxh6 1/2-1/2

[Event "*** SCC Grand Prix: Titled Tuesday Blitz"]
[Site "Chess.com"]
[Date "2020.07.07"]
[Round "5"]
[White "Na_binci"]
[Black "Trickov"]
[Result "0-1"]
[WhiteElo "2107"]
[BlackElo "2330"]
[TimeControl "180+1"]
[EndTime "10:56:05 PDT"]
[Termination "Trickov won by resignation"]

1. d4 d5 2. c4 c6 3. Nc3 Nf6 4. e3 Bf5 5. cxd5 cxd5 6. Qb3 Qb6 7. Nxd5 Qxb3 8. Nxf6+ exf6 9. axb3 a6 10. Bd2 Nd7 11. Nf3 Bd6 12. Be2 Ke7 13. O-O Nb6 14. Rfc1 Rac8 15. b4 Bc2 16. b5 axb5 17. Bxb5 Rc7 18.
Bc3 Bg6 19. Ba5 Rxc1+ 20. Rxc1 Nd5 21. h3 Ra8 22. Bc3 Rc8 23. Bd2 Ra8 24. Bf1 Ra2 25. Bc3 Nb6 26. Nd2 Na4 27. Bc4 Nxc3 28. Bxa2 Nxa2 29.
Ra1 Nb4 30. Ra7 Nd3 31. Rxb7+ Ke6 32. b4 Bxb4 33. Rb6+ Kd5 34. f3 Bxd2 35. Rb5+ Kc4 36. Rb7 Bxe3+ 37. Kh2 Bxd4 38. Rxf7 Be5+ 0-1